Map: Ley Lines

Players

MioMind

  • Race: Terran Terran
  • League: Master
  • Spawn Location: 1:00

ManlyManMeat - Winner!

  • Race: Zerg Zerg
  • Spawn Location: 7:00

VOD

Have the link to the VOD?

Description

Time

  • Played on: May 14, 2025, 6:13 p.m.
  • Length: 19:43
Show
View Real Time Build Order
Export as new Build Order

MioMind Terran 

Build Orders:  

Get SALT Encoding   

  12  0:00  SCV  
  13  0:12  SCV  
  14  0:21  Supply Depot  
  14  0:24  SCV  
  16  0:42  SCV  
  16  0:46  Barracks  
  16  0:54  SCV  
  17  0:58  Barracks  
  17  1:05  Refinery  
  17  1:07  SCV  
  18  1:19  SCV  
  19  1:31  SCV  
  20  1:43  SCV  
  21  1:54  Command Center  
  21  1:58  Refinery, SCV  
  22  2:01  Marine  
  22  2:07  Supply Depot  
  23  2:29  Marine  
  24  2:49  Marine  
  26  2:53  Barracks Tech Lab  
  26  2:56  SCV  
  26  3:07  Marine, Factory  
  26  3:11  Orbital Command  
  27  3:13  Refinery  
  27  3:16  Stimpack  
  27  3:18  Marine  
  28  3:21  SCV  
  28  3:25  Supply Depot  
  29  3:34  Orbital Command  
  29  3:44  Marine  
  30  3:51  SCV  
  31  3:55  Factory Tech Lab  
  31  3:58  Starport  
  31  4:02  Supply Depot  
  31  4:07  Engineering Bay  
  31  4:08  SCV  
  31  4:09  SCV  
  33  4:20  SCV  
  33  4:21  SCV  
  33  4:24  Marine x2  
  35  4:27  Siege Tank  
  40  4:33  SCV x2  
  42  4:42  Marine x2  
  44  4:48  SCV x2  
  44  4:49  Refinery  
  46  5:00  SCV  
  46  5:02  Starport Reactor  
  47  5:14  Command Center, Siege Tank  
  47  5:19  Factory  
  50  5:22  Terran Infantry Weapons Level 1  
  50  5:27  Missile Turret  
  50  5:34  Missile Turret  
  50  5:35  SCV  
  51  5:36  SCV  
  51  5:41  Medivac  
  54  5:47  Liberator  
  57  5:50  Missile Turret, SCV  
  57  5:51  SCV  
  59  6:03  SCV x2  
  61  6:09  Combat Shield  
  61  6:12  Missile Turret  
  61  6:14  Marine  
  62  6:25  Marine, Factory Tech Lab  
  62  6:26  Siege Tank  
  62  6:30  Barracks  
  62  6:32  Marine  
  67  6:33  Supply Depot  
  67  6:43  Marine  
  68  6:56  Supply Depot  
  68  7:10  Marine x2  
  70  7:19  Barracks  
  70  7:27  Marine  
  70  7:28  Marine  
  57  8:06  Marine x2  
  53  8:24  Marine x2  
  53  8:25  Planetary Fortress  
  52  8:29  Viking x2  
  52  8:32  Cyclone x2  
  60  8:42  Marine x2  
  62  8:50  SCV x2  
  64  8:58  Supply Depot  
  64  8:59  Marine  
  64  9:00  Terran Infantry Armor Level 1, Marine  
  64  9:02  Barracks Reactor x2  
  66  9:17  Marine  
  66  9:21  Supply Depot, Starport  
  66  9:22  Marine  
  68  9:35  Marine  
  68  9:37  Engineering Bay  
  69  9:40  Marine, Siege Tank  
  69  9:41  Siege Tank  
  76  9:53  Marine  
  76  9:58  Marine  
  78  10:03  Marine, Armory  
  78  10:04  Marine x3  
  66  10:08  Command Center  
  66  10:11  Marine  
  63  10:16  Marine  
  64  10:21  Marine  
  64  10:22  Marine x3  
  64  10:24  SCV x3  
  71  10:28  Marine  
  71  10:33  Marine  
  73  10:36  SCV  
  73  10:37  Starport Tech Lab  
  73  10:39  Viking x2, Marine  
  79  10:59  Cyclone x2  
  79  11:00  Marine  
  79  11:01  Marine x4  
  79  11:02  Marine  
  91  11:06  SCV x3  
  91  11:08  Liberator x2  
  100  11:18  Marine  
  100  11:19  Marine  
  100  11:21  Missile Turret  
  100  11:23  Planetary Fortress  
  102  11:29  Raven  
  104  11:34  Starport  
  104  11:42  Missile Turret  
  94  12:03  Missile Turret  
  68  12:47  Marine x5  
  68  12:48  Marine  
  68  12:50  Cyclone x2  
  80  12:52  Viking x3  
  86  13:05  Marine x5  
  89  13:22  Viking, Cyclone  
  94  13:28  Viking  
  91  13:34  Marine  
  91  13:35  Marine x3  
  91  13:36  Marine x2  
  19  16:28  SCV  
  20  16:34  Command Center  
  20  16:40  SCV  
  20  16:44  Starport Tech Lab  
  21  16:52  SCV  
  22  17:04  SCV  
  22  17:05  Refinery  
  22  17:07  Starport Reactor  
  23  17:09  Refinery  
  23  17:10  Starport Tech Lab  
  23  17:32  Barracks Tech Lab  
  23  17:33  Barracks Reactor  
Show
View Real Time Build Order
Export as new Build Order

ManlyManMeat Zerg - Winner!

Build Orders: Hatch First, Swarm Host 

Get SALT Encoding   

  12  0:07  Overlord  
  12  0:13  Drone  
  13  0:17  Drone  
  14  0:29  Drone  
  14  0:32  Drone  
  16  0:43  Drone  
  17  0:52  Hatchery  
  17  0:56  Drone  
  17  1:15  Spawning Pool  
  16  1:18  Drone x2  
  16  1:20  Extractor  
  16  1:25  Drone  
  18  1:33  Drone  
  19  1:44  Drone  
  20  2:03  Queen  
  20  2:04  Queen  
  20  2:05  Drone x2  
  26  2:18  Zergling x4  
  26  2:21  Overlord  
  28  2:46  Drone x4  
  28  2:50  Queen  
  34  2:52  Overlord  
  34  2:53  Overlord  
  34  3:03  Lair  
  34  3:11  Baneling Nest  
  33  3:14  Zergling x8  
  37  3:23  Drone x5  
  42  3:47  Zergling x2  
  42  3:48  Zergling x6  
  46  4:10  Hatchery  
  45  4:22  Metabolic Boost  
  45  4:25  Drone x2, Extractor  
  45  4:26  Drone x5  
  50  4:41  Overlord x2  
  50  4:42  Overlord  
  50  4:44  Drone x2  
  52  4:50  Extractor  
  52  4:51  Drone  
  52  4:52  Extractor  
  51  4:53  Drone  
  52  5:01  Infestation Pit  
  51  5:20  Zergling x14  
  58  5:21  Overlord x2  
  58  5:39  Drone x5  
  63  5:43  Queen  
  65  5:59  Spire  
  64  6:04  Hydralisk Den  
  64  6:07  Drone x2  
  64  6:08  Evolution Chamber  
  64  6:14  Drone x8  
  64  6:15  Drone x6  
  77  6:19  Swarm Host x3  
  86  6:33  Swarm Host x2  
  86  6:34  Swarm Host  
  95  6:54  Overlord x3  
  95  6:58  Zergling x4  
  95  7:00  Baneling  
  95  7:01  Baneling x3  
  97  7:02  Baneling x2  
  97  7:24  Zergling x16  
  97  7:25  Zergling x4  
  107  7:47  Corruptor x6  
  99  8:31  Queen  
  99  8:32  Queen  
  103  8:35  Extractor  
  103  8:37  Extractor  
  103  8:39  Grooved Spines  
  101  8:43  Zerg Missile Weapons Level 1  
  101  8:47  Evolution Chamber  
  101  8:48  Evolution Chamber  
  99  9:04  Overlord x4  
  99  9:05  Overlord x3  
  99  9:07  Zergling x10  
  104  9:22  Zergling x10  
  109  9:29  Hatchery  
  109  9:30  Hatchery  
  107  9:33  Hatchery  
  107  9:34  Hatchery  
  105  10:24  Overseer, Hive  
  105  10:25  Overseer  
  105  10:31  Corruptor x3  
  105  10:32  Mutalisk x3  
  105  10:33  Mutalisk x5  
  127  10:42  Drone x14  
  141  11:58  Ultralisk Cavern  
  140  12:03  Zergling x46  
  140  12:04  Zergling x6  
  75  12:39  Zergling x10  
  75  12:40  Zergling x20  
  75  12:41  Queen  
  92  12:57  Zergling x8  
  72  13:06  Baneling  
  72  13:07  Baneling x3  
  62  13:21  Ultralisk x7  
  83  13:44  Ultralisk x5  
  98  13:57  Drone  
  86  14:39  Hatchery  
  86  14:43  Hatchery  
  84  14:57  Hatchery  
  65  15:00  Hatchery  
  46  15:44  Drone x3  
  49  16:01  Spawning Pool  
  49  16:02  Evolution Chamber  
  47  16:23  Drone x18  
  65  16:48  Drone x2  
  65  16:50  Drone x2  
  69  17:16  Spire  
  69  17:18  Queen x2  
  60  17:36  Queen  
  62  17:37  Queen  
  62  17:38  Drone x3  
  67  17:56  Zergling x6  
  67  17:57  Zergling x20  
  80  18:01  Zergling x2  
  80  18:05  Adrenal Glands  
  80  18:21  Zergling x6  
  82  18:41  Mutalisk  
  82  18:42  Corruptor x5  
  86  19:08  Zergling x22  
  91  19:12  Drone  
Tags
 
Composition
Swarm Host
League
Master
Matchup
TvZ
Replay Pack
Multiplayer
Spawn Locations
Cross Positions
Add a new tag
Caveats
  • Supply blocks, unpowered buildings, or Contaminate may cause inaccurate times.
  • Supply counts are checked every 10 seconds.